 Dungeon Crawl Stone Soup version 0.25.1-2-g60ff931df9 (webtiles) character file.

Game seed: 3328456420778729174

9737 Curus the Severer (level 11, -1/106 HPs)
             Began as a Hill Orc Berserker on Oct 2, 2020.
             Was a High Priest of Trog.
             Slain by a komodo dragon (14 damage)
             ... on level 1 of the Lair of Beasts.
             The game lasted 00:47:12 (10460 turns).

Curus the Severer (Hill Orc Berserker)             Turns: 10460, Time: 00:47:12

Health: -1/106     AC: 21    Str: 21    XL:     11   Next: 51%
Magic:  14/14      EV:  7    Int:  8    God:    Trog [*****.]
Gold:   248        SH:  0    Dex: 12    Spells: 10/10 levels left

rFire    . . .     SeeInvis .   E - +0 battleaxe
rCold    . . .     Gourm    .   (shield currently unavailable)
rNeg     . . .     Faith    .   w - +0 plate armour
rPois    +         Spirit   .   (no helmet)
rElec    .         Reflect  .   o - +1 cloak
rCorr    .         Harm     .   p - +1 pair of gloves
MR       .....                  D - +0 pair of boots
Stlth    ..........             v - amulet of magic regeneration
HPRegen  0.27/turn              g - ring of poison resistance
MPRegen  0.39/turn              C - ring of flight

@: mighty, lethally poisoned (-1 -> -2), berserk cooldown, slowed, very slow
A: yellow scales 1, robust 1, screaming 1
a: Berserk, Trog's Hand, Brothers in Arms, Renounce Religion, Evoke Flight


You were on level 1 of the Lair of Beasts.
You worshipped Trog.
Trog was extremely pleased with you.
You were very hungry.

You visited 2 branches of the dungeon, and saw 10 of its levels.

You collected 363 gold pieces.
You spent 115 gold pieces at shops.

Inventory:

Hand Weapons
 a - a +1 hand axe
 l - a +1 war axe
 s - a +0 morningstar of pain
 z - a +4 antimagic war axe
 E - a +0 battleaxe (weapon)
Armour
 b - a +0 animal skin
 f - a +0 ring mail
 o - a +1 cloak (worn)
 p - a +1 pair of gloves (worn)
 q - a +0 chain mail
 w - a +0 plate armour (worn)
 D - a +0 pair of boots (worn)
Jewellery
 g - a ring of poison resistance (left hand)
 j - an uncursed ring of resist corrosion
 v - an amulet of magic regeneration (around neck)
 C - a ring of flight (right hand)
Wands
 d - a wand of random effects (28)
 r - a wand of enslavement (10)
 u - a wand of digging (5)
 y - a wand of iceblast (5)
 I - a wand of polymorph (2)
Scrolls
 h - 4 scrolls of teleportation
 i - 5 scrolls of identify
 x - a scroll of fear
 F - 2 scrolls of remove curse
 J - a scroll of magic mapping
Potions
 e - a potion of cancellation
 k - 6 potions of curing
 m - 4 potions of haste
 n - 2 potions of brilliance
 t - 3 potions of flight
 B - a potion of stabbing
Comestibles
 c - 20 rations
 H - 3 chunks of flesh


   Skills:
 - Level 9.3 Fighting
 + Level 16.9 Axes
 - Level 8.2 Armour
 - Level 1.5 Dodging
 + Level 4.8 Evocations


You had 10 spell levels left.
You didn't know any spells.
Your spell library was empty.

Dungeon Overview and Level Annotations

Branches:
Dungeon (9/15)             Temple (0/1) D:7            Lair (1/6) D:9
    Orc: D:9-12

Altars:
Fedhas
Trog
Xom
The Shining One

Shops:
D:5 [*%[

Annotations:
D:6 3 runed translucent doors, groll's ghost, novice OpMo; tensugalgo's ghost, novice DDMo


Innate Abilities, Weirdness & Mutations

You are partially covered in yellow scales. (AC +2)
You are robust. (+10% HP)
You occasionally shout uncontrollably at your foes.


Message History

* * * LOW HITPOINT WARNING * * *
The komodo dragon bites you but does no damage.
You slice the komodo dragon!!
The komodo dragon is heavily wounded.
You hear an angry hiss.
The komodo dragon bites you!
* * * LOW HITPOINT WARNING * * *
You closely miss the komodo dragon.
The komodo dragon is heavily wounded.
The komodo dragon bites you but does no damage.
You hit the komodo dragon but do no damage.
The komodo dragon is heavily wounded.
You feel sick. The komodo dragon bites you.
* * * LOW HITPOINT WARNING * * *
You feel very mighty all of a sudden.
The komodo dragon bites you but does no damage. x2
You slash the komodo dragon!
The komodo dragon is heavily wounded.
The komodo dragon bites you!
You die...

....P.S.P
#......#.....P.P.
##......##...PPPP.
#.......##rsSPPPP.
##......##Ys.PPPPP
#.......##.lSPPPPP
##..†...#YsYPPPPPP
#....†..##Y.PlPPPF
#.....†@#...P.P..
#......#lS..P...P
#......##S..PPPPP
##......##..P#####
#.......##P###
#P.......#.#
#.......###.
##......#### #
#....^....##P#


You could see a komodo dragon and 2 adders.

Vanquished Creatures
  A two-headed ogre (D:9)
  A wolf spider (Lair:1)
  A black mamba (Lair:1)
  A spiny frog (Lair:1)
  A komodo dragon (Lair:1)
  Grinder (D:4)
  2 hippogriffs
  Sigmund (D:5)
  Eustachio (D:6)
  10 yaks
  Edmund (D:5)
  2 water moccasins (Lair:1)
  2 porcupines (Lair:1)
  3 sky beasts
  A black bear (D:6)
  3 orc warriors
  5 ogres
  A necrophage (D:6)
  A phantom (D:5)
  3 centaurs
  2 crocodiles (D:9)
  A big kobold (D:9)
  5 bullfrogs
  A water moccasin zombie (D:7)
  2 scorpions (D:6)
  3 killer bees (D:9)
  7 wights
  A howler monkey (D:5)
  A centaur zombie (D:6)
  6 crimson imps
  An orc priest (D:9)
  2 hounds
  4 jellies
  A gnoll shaman (D:5)
  3 orc wizards
  2 bullfrog skeletons
  A centaur skeleton (D:4)
  Ijyb (D:4)
  An iguana (D:8)
  8 worker ants
  A hound zombie (D:7)
  2 hound skeletons (D:8)
  A howler monkey zombie (D:6)
  19 adders
  10 gnolls
  A shadow imp (D:6)
  6 oozes
  3 adder zombies
  An adder skeleton (D:9)
  4 worms
  5 dart slugs
  10 leopard geckos
  19 orcs
  2 ball pythons
  4 giant cockroaches
  15 goblins
  4 hobgoblins
  16 jackals
  14 kobolds
  5 quokkas
  11 bats
  7 frilled lizards
  A quokka skeleton (D:4)
  12 rats
  A fungus (Lair:1)
  A plant (Lair:1)
270 creatures vanquished.

Vanquished Creatures (collateral kills)
  A hydra (Lair:1)
  2 wolf spiders (Lair:1)
  A yak (Lair:1)
  A porcupine (Lair:1)
5 creatures vanquished.

Vanquished Creatures (others)
  A bush (Lair:1)
  4 fungi (Lair:1)
  7 plants (Lair:1)
12 creatures vanquished.

Grand Total: 287 creatures vanquished

Notes
Turn   | Place    | Note
-------+----------+-------------------------------------------
     0 | D:1      | Curus the Hill Orc Berserker began the quest for the Orb.
     0 | D:1      | Reached XP level 1. HP: 19/19 MP: 1/1
   156 | D:1      | Reached XP level 2. HP: 26/26 MP: 2/2
   317 | D:1      | Reached skill level 5 in Axes
   504 | D:1      | Reached XP level 3. HP: 30/31 MP: 3/3
   768 | D:1      | Found a glowing golden altar of the Shining One.
  1072 | D:2      | Reached ** piety under Trog
  1095 | D:2      | Reached skill level 6 in Axes
  1396 | D:2      | Reached XP level 4. HP: 38/39 MP: 4/4
  1449 | D:2      | Gained mutation: You are clumsy. (Dex -2) [potion of
                  | mutation]
  1449 | D:2      | Gained mutation: You are dopey. (Int -2) [potion of
                  | mutation]
  1449 | D:2      | Gained mutation: You occasionally shout uncontrollably at
                  | your foes. [potion of mutation]
  1449 | D:2      | Gained mutation: You are robust. (+10% HP) [potion of
                  | mutation]
  1868 | D:3      | Reached skill level 7 in Axes
  1887 | D:3      | Reached XP level 5. HP: 31/49 MP: 5/5
  2002 | D:3      | Found a blossoming altar of Fedhas.
  2026 | D:3      | Reached skill level 8 in Axes
  2228 | D:3      | Reached *** piety under Trog
  2422 | D:3      | Found a shimmering altar of Xom.
  2593 | D:3      | Reached XP level 6. HP: 54/56 MP: 6/6
  3168 | D:3      | Lost mutation: You are dopey. (Int -2) [potion of mutation]
  3168 | D:3      | Lost mutation: You are clumsy. (Dex -2) [potion of
                  | mutation]
  3168 | D:3      | Lost mutation: You occasionally shout uncontrollably at
                  | your foes. [potion of mutation]
  3168 | D:3      | Gained mutation: You occasionally shout uncontrollably at
                  | your foes. [potion of mutation]
  3168 | D:3      | Gained mutation: You are partially covered in yellow
                  | scales. (AC +2) [potion of mutation]
  3273 | D:4      | Reached skill level 9 in Axes
  3494 | D:4      | Reached skill level 10 in Axes
  3494 | D:4      | Reached XP level 7. HP: 46/62 MP: 7/7
  3717 | D:4      | Reached **** piety under Trog
  3892 | D:4      | Noticed Ijyb
  3903 | D:4      | Killed Ijyb
  4062 | D:4      | Noticed Grinder
  4094 | D:4      | Killed Grinder
  4094 | D:4      | Reached skill level 11 in Axes
  4294 | D:5      | Entered Level 5 of the Dungeon
  4339 | D:5      | Found Jireka's Food Boutique.
  4379 | D:5      | Found Xomuefal's General Store.
  4386 | D:5      | Bought a scroll of enchant armour for 82 gold pieces
  4386 | D:5      | Bought a potion of curing for 33 gold pieces
  4413 | D:5      | Reached XP level 8. HP: 69/70 MP: 8/8
  4422 | D:5      | Reached skill level 12 in Axes
  4583 | D:5      | Found Ziesypal's Antique Armour Emporium.
  5041 | D:5      | Found Futhep's Antique Armour Shoppe.
  5207 | D:5      | Reached skill level 13 in Axes
  5520 | D:5      | Noticed Sigmund
  5520 | D:5      | Noticed Edmund
  5527 | D:5      | Killed Sigmund
  5535 | D:5      | Killed Edmund
  5535 | D:5      | Reached skill level 14 in Axes
  6027 | D:6      | Reached XP level 9. HP: 64/77 MP: 9/9
  6071 | D:6      | Noticed Eustachio
  6107 | D:6      | Killed Eustachio
  6158 | D:6      | Reached skill level 15 in Axes
  6649 | D:6      | Found a runed translucent gate.
  6649 | D:6      | Found a runed translucent gate.
  6650 | D:6      | Noticed tensugalgo's ghost (novice DDMo)
  6651 | D:6      | Found a runed translucent gate.
  6651 | D:6      | Noticed groll's ghost (novice OpMo)
  6718 | D:6      | Reached skill level 16 in Axes
  7428 | D:7      | Found a staircase to the Ecumenical Temple.
  7736 | D:7      | Reached ***** piety under Trog
  7736 | D:7      | Reached skill level 5 in Fighting
  8046 | D:7      | Found a bloodstained altar of Trog.
  8429 | D:8      | Reached XP level 10. HP: 86/89 MP: 10/10
  8525 | D:8      | Reached skill level 5 in Armour
  8988 | D:9      | Found the +6 lightning scales {run, rElec}
  9172 | D:9      | Received a gift from Trog
  9450 | D:9      | Noticed a two-headed ogre
  9460 | D:9      | Killed a two-headed ogre
 10171 | D:9      | Found a staircase to the Lair.
 10190 | D:9      | Reached XP level 11. HP: 86/106 MP: 11/11
 10204 | Lair:1   | Entered Level 1 of the Lair of Beasts
 10280 | Lair:1   | Reached skill level 1 in Evocations
 10314 | Lair:1   | Noticed a five-headed hydra
 10321 | Lair:1   | Killed a six-headed hydra
 10393 | Lair:1   | Noticed a wolf spider
 10394 | Lair:1   | Noticed a wolf spider
 10398 | Lair:1   | Noticed a wolf spider
 10424 | Lair:1   | Killed a wolf spider
 10435 | Lair:1   | Killed a wolf spider
 10439 | Lair:1   | Killed a wolf spider
 10460 | Lair:1   | Slain by a komodo dragon

Illustrated notes

Levels and vault maps discovered:
D:1:      arrival_zaba_pyramid, layout_loops_ring, tso_metal_star
D:2:      layout_loops_cross, first_ration
D:3:      wad_crossroads, layout_rooms, xom_butterflies, fedhas_altar_3,
          grunt_ministairs_11, kennysheep_another_room, serial_bayou_ford_a,
          minmay_checkerbox
D:4:      layout_basic, uniq_grinder, uniq_ijyb
D:5:      layout_layer_cave, serial_shops, shop, shop, nicolae_shop_crystal,
          shop, chequers_decorated_corner, minmay_fountain_box,
          sigmund_edmund_badplayer
D:6:      layout_loops_ring, gammafunk_ghost_cemetery, uniq_eustachio
D:7:      layout_loops_ring, minmay_temple_entry_ruins, trog_butcher_becter
D:8:      layout_rooms, hangedman_little_slice_of_home
D:9:      layout_gridville, david_lair_generic, grunt_decor_arrowhead
Lair:1:   minmay_lair_venomous_thicket, layout_big_grid, minivault_19

Skill      XL: |  1  2  3  4  5  6  7  8  9 10 11 |
---------------+----------------------------------+-----
Axes           | 5 6 7 8 10 11 14 16 | 16.9
Fighting       | 5 9 |  9.3
Armour         | 4 8 |  8.2
Evocations     | 4 |  4.8
Dodging        | |  1.5

Action                   |  1- 3 |  4- 6 |  7- 9 | 10-12 || total
-------------------------+-------+-------+-------+-------++-------
Melee: Hand axe          |   122 |   152 |       |       ||   274
       War axe           |       |    82 |   380 |    43 ||   505
       Battleaxe         |       |       |       |   197 ||   197
Invok: Trog's Hand       |       |       |     2 |     1 ||     3
       Berserk           |       |       |     1 |     1 ||     2
       Brothers in Arms  |       |       |       |     2 ||     2
Evoke: Wand              |       |     1 |       |     1 ||     2
  Use: Potion            |     4 |     7 |     4 |     3 ||    18
       Scroll            |     2 |     5 |     5 |     2 ||    14
  Eat: Chunk             |     2 |     7 |    14 |     4 ||    27
       Ration            |       |       |     1 |     1 ||     2
Armor: Animal skin       |     4 |       |       |       ||     4
       Ring mail         |    30 |    64 |    14 |       ||   108
       Chain mail        |       |       |   120 |       ||   120
       Plate armour      |       |       |    59 |   187 ||   246
Dodge: Dodged            |    75 |   121 |   100 |    76 ||   372
